 Dungeon Crawl Stone Soup version 0.21.0-3-g78d12a8 (webtiles) character file.

403 HungrySpirit the Cudgeler (level 6, -14/39 HPs)
             Began as a Gargoyle Wanderer on Jan 10, 2018.
             Was an Initiate of the Shining One.
             Demolished by an ogre
             ... wielding a cursed -2 giant club
              (17 damage)
             ... on level 5 of the Dungeon.
             The game lasted 00:11:37 (5301 turns).

HungrySpirit the Cudgeler (Gargoyle Wanderer)       Turns: 5301, Time: 00:11:38

Health: -14/39     AC:  9    Str: 15    XL:     6   Next: 86%
Magic:  6/6        EV: 12    Int: 12    God:    the Shining One [......]
Gold:   239        SH:  0    Dex: 12    Spells: 5/5 levels left

rFire    . . .     SeeInvis .   z - +0 short sword (speed)
rCold    . . .     Gourm    .   (no shield)
rNeg     + . .     Faith    .   e - +0 ring mail
rPois    ∞         Spirit   .   (no helmet)
rElec    +         Reflect  .   (no cloak)
rCorr    .         Harm     .   (no gloves)
MR       .....                  (no boots)
Stlth    +.........             (no amulet)
HPRegen  0.13/turn              (no ring)
MPRegen  0.10/turn              (no ring)

@: glowing
A: negative energy resistance 1, electricity resistance, unbreathing,
petrification resistance, rot immunity, AC +4
a: Renounce Religion


You were on level 5 of the Dungeon.
You worshipped the Shining One.
The Shining One was noncommittal.
You were not hungry.

You visited 2 branches of the dungeon, and saw 6 of its levels.

You collected 239 gold pieces.

Inventory:

Hand Weapons
 q - a +0 club
 z - a +0 short sword of speed (weapon)
Armour
 e - a +0 ring mail (worn)
Wands
 y - a wand of iceblast (5)
Scrolls
 c - 3 scrolls of teleportation
 h - a scroll of fear
 j - a scroll of immolation
 m - a scroll of blinking
 o - a scroll of fog
 p - a scroll of noise
 u - a scroll of enchant armour {unknown}
 x - a scroll of magic mapping {unknown}
Potions
 b - 4 potions of heal wounds
 g - a potion of mutation {unknown}
 k - a potion of flight {unknown}
 l - 3 potions of berserk rage
 r - a potion of agility {unknown}
 s - a potion of lignification {unknown}
 v - a potion of haste {unknown}
 w - 2 potions of brilliance {unknown}
Books
 t - a book of Minor Magic

   Spells                             Type                      Level
   a - Magic Dart                     Conjuration                  1
   b - Blink                          Translocation                2
   c - Call Imp                       Summoning                    2
   d - Slow                           Hexes                        2
   e - Conjure Flame                  Conjuration/Fire             3
   f - Mephitic Cloud                 Conjuration/Poison/Air       3
Comestibles
 a - 4 chunks of flesh
 f - 2 rations


   Skills:
 - Level 4.3 Fighting
 - Level 1.3 Short Blades
 * Level 5.3 Maces & Flails
 - Level 1.0 Throwing
 - Level 3.2 Dodging
 - Level 3.2 Stealth


You had 5 spell levels left.
You didn't know any spells.

Dungeon Overview and Level Annotations

Branches:
Dungeon (5/15)             Temple (1/1) D:4

Altars:
Ashenzari
Elyvilon
Gozag
Hepliaklqana
Kikubaaqudgha
Nemelex Xobeh
Okawaru
Qazlal
Ru
Sif Muna
Wu Jian
Xom
Zin
The Shining One

Annotations:
D:4 toffzen's ghost, amateur MfIE


Innate Abilities, Weirdness & Mutations

You are resistant to torment.
Your stone body is resilient. (AC +4)
You are immune to poison.
You resist negative energy. (rN+)
You are resistant to electric shocks. (rElec)
You can survive without breathing.
You are immune to petrification.
You are immune to rotting.


Message History

It was a scroll of noise.
As you read the scroll labeled LEZAIG REYSK, it crumbles to dust.
The air around you briefly surges with heat, but it dissipates.
It was a scroll of immolation.
As you read the scroll labeled NITUKY ZADDY, it crumbles to dust.
You assume a fearsome visage.
Nothing appears to happen.
It was a scroll of fear.
As you read the scroll labeled SONLAV TULI, it crumbles to dust.
You feel blessed for a moment.
It was a scroll of remove curse.
As you read the scroll labeled GYPPAN NOIGE, it crumbles to dust.
It is a scroll of identify.
l - 3 potions of berserk rage You climb downwards.
The ogre hits you with a giant club! The quokka skeleton misses you.
The ogre hits you with a giant club!!
Ouch! That really hurt!
* * * LOW HITPOINT WARNING * * *
There is a stone staircase leading up here.
Unknown command.
The quokka skeleton barely misses you. The ogre hits you with a giant club!
You die...

# .# ..# ...#
.)..#
#######+##.....#
.......@O......#
$......ZO......#
...............#
...............#
...............#
...............#
...............#
##########.....#


You could see 2 ogres and a quokka skeleton.

Vanquished Creatures
  A big kobold (D:4)
  2 howler monkeys (D:4)
  A bullfrog skeleton (D:4)
  2 worker ants (D:3)
  4 gnolls
  7 adders
  A shadow imp (D:4)
  2 adder skeletons (D:4)
  A worm (D:2)
  2 dart slugs (D:1)
  The ghost of dscm the Grave Robber, a weakling GnNe (D:3)
  4 leopard geckos
  4 orcs (D:3)
  5 bats
  2 giant cockroaches
  5 goblins
  3 hobgoblins
  5 jackals
  2 quokkas
  A ball python (D:4)
  3 frilled lizards
  6 kobolds
  3 rats (D:1)
67 creatures vanquished.

Notes
Turn   | Place    | Note
-------+----------+-------------------------------------------
     0 | D:1      | HungrySpirit the Gargoyle Wanderer began the quest for the Orb.
     0 | D:1      | HungrySpirit set off with: a +2 dagger, a potion of heal wounds, a scroll of teleportation, a +0 spear, a +0 robe, a ration
     0 | D:1      | Reached XP level 1. HP: 12/12 MP: 1/1
    87 | D:1      | Reached XP level 2. HP: 19/19 MP: 2/2
  1040 | D:2      | Reached XP level 3. HP: 24/24 MP: 3/3
  2181 | D:3      | Noticed dscm's ghost (weakling GnNe)
  2195 | D:3      | Reached skill level 1 in Short Blades
  2195 | D:3      | Reached XP level 4. HP: 30/30 MP: 4/4
  2217 | D:3      | Killed dscm's ghost
  2621 | D:3      | Reached skill level 1 in Maces & Flails
  2814 | D:3      | Found a sparkling altar of Nemelex Xobeh.
  2830 | D:3      | Found a deep blue altar of Sif Muna.
  2832 | D:3      | Found a hide-covered altar of Uskayaw.
  2832 | D:3      | Found a stormy altar of Qazlal.
  2834 | D:3      | Found a white marble altar of Elyvilon.
  2834 | D:3      | Found a white marble altar of Elyvilon.
  2834 | D:3      | Found a shimmering altar of Xom.
  3051 | D:3      | Reached skill level 2 in Maces & Flails
  3139 | D:3      | Reached XP level 5. HP: 23/34 MP: 5/5
  3286 | D:4      | Noticed an ogre
  3286 | D:4      | Noticed toffzen's ghost (amateur MfIE)
  3313 | D:4      | Found a staircase to the Ecumenical Temple.
  3326 | Temple   | Entered the Ecumenical Temple
  3361 | Temple   | Became a worshipper of the Shining One
  3504 | D:3      | Reached skill level 3 in Maces & Flails
  4172 | D:4      | Reached skill level 4 in Maces & Flails
  4172 | D:4      | Reached XP level 6. HP: 25/39 MP: 6/6
  4827 | D:4      | Reached skill level 5 in Maces & Flails
  5289 | D:5      | Entered Level 5 of the Dungeon
  5301 | D:5      | Demolished by an ogre

Skill      XL: |  1  2  3  4  5  6 |
---------------+-------------------+-----
Fighting       | 3 4 |  4.3
Short Blades   | 1 |  1.3
Maces & Flails | 2 4 5 |  5.3
Throwing       | |  1.0
Dodging        | |  3.2
Stealth        | |  3.2

Action                   |  1- 3 |  4- 6 || total
-------------------------+-------+-------++-------
Melee: Dagger            |   166 |   282 ||   448
       Short sword       |       |    37 ||    37
Evoke: Wand              |       |     1 ||     1
  Use: Potion            |       |     1 ||     1
       Scroll            |       |     7 ||     7
 Stab: Sleeping          |     1 |     3 ||     4
  Eat: Chunk             |     1 |    10 ||    11
       Ration            |     1 |       ||     1
Armor: Robe              |     5 |       ||     5
       Ring mail         |    39 |   136 ||   175
       Leather armour    |     2 |       ||     2
Dodge: Dodged            |   101 |   209 ||   310
